Unix NetHack Version 5.0.0-0 post-release - last build Jun 10 2026 00:39:30 (3ee93aec679c4c4259841fe613dc97188e26a321,branch:main).

Game began 2026-06-18 17:05:32, ended 2026-06-18 19:02:55.

Ch3Begorrah, chaotic male human Rogue

                        --------------------------------
                        |..............................|
                        |...-----+------.----..-----...|
                        |...|...|fk|%m@-.-..|--|%)!|...|
                        |...|(((|fk|.%.|.|..|  |[.[|...|
                        |...|)..|-------.---|  |)..|...|
                        |...-|-.-....K......--+-)---...-
                        |...........%.%................|
                        |........{.--@----K{...........|
                        |.........K|.)...|.............|
                        |...-|---..|(.d..|..).--|--....|
                        |...|...|-||..@..|.-|-|...|---.|
  ------#  #############|...|+++|..|.....|.| .|(((|  +.|
  |.<..|################|...|?++|..|------.| .|(!(|  |.|
  |.....####           #|...--------.......-----------.|
  |....|##             #|........?.....[...............|
  |....|               #--------.-----------------------
  |.....               ##########
  ------

Ch3Begorrah the Rogue   St:18 Dx:18 Co:17 In:11 Wi:9 Ch:8  Chaotic
Dlvl:5  $:0  HP:0(60) Pw:22(22) AC:-3 Xp:8 T:9967 

Latest messages:
 The Kop Sergeant throws a cream pie!
 The cream pie misses Annootok.
 You are almost hit by a cream pie.
 The Kop Sergeant picks up a short sword.
 What do you want to put on? [noqsD or ?*] s
 s - an uncursed +1 ring of increase accuracy (on right hand).
 What do you want to put on? [noqD or ?*] ?
 What do you want to put on? [noqD or ?*] <esc>
 Never mind.
 What do you want to zap? [mrvyITX or ?*] y
 Nothing happens.
 What do you want to zap? [mrvyITX or ?*] y
 Nothing happens.
 What do you want to zap? [mrvyITX or ?*] y
 Nothing happens.
 What do you want to zap? [mrvyITX or ?*] y
 Nothing happens.
 What do you want to zap? [mrvyITX or ?*] y
 Nothing happens.
 The Kop Sergeant picks up a leather armor.
 What do you want to zap? [mrvyITX or ?*] y
 Nothing happens.
 What do you want to zap? [mrvyITX or ?*] y
 Nothing happens.
 Annootok picks up a dagger named Good.
 Annootok picks up 2 +1 daggers.
 The Kop Sergeant puts on a leather armor.
 G - a spear.
 You see here an arrow.
 What do you want to drink? [H or ?*] <esc>
 Never mind.
 What do you want to read? [iktEN or ?*] ?
 As you read the scroll, it disappears.
 Your hands begin to glow red.
 What do you want to drink? [H or ?*] ?
 Gee!  All of a sudden, you can't see yourself.
 The Kop Sergeant picks up a helm called Plain.
 Annootok swings his club.
 Annootok hits!
 Annootok swings his club.
 Annootok hits again!
 Annootok swings his club.
 Annootok hits!
 Annootok swings his club.
 Annootok misses!
 Annootok swings his club.
 Annootok hits!
 You die...
 Annootok takes all your possessions.
 Do you want to see what you had when you died? [ynq] (y) q

Inventory:
 Amulets  ('"')
  l - an uncursed amulet of ESP (being worn)
  q - an uncursed amulet versus poison named ok
 Weapons  (')')
  c - 2 +0 arrows
  G - a +0 spear
  C - a +5 silver saber (weapon in right hand)
 Armor    ('[')
  d - a blessed +1 helmet (being worn)
  j - an uncursed +0 pair of leather gloves (being worn)
  L - an uncursed +0 pair of iron shoes named ok
  g - an uncursed +1 pair of kicking boots (being worn)
  B - an uncursed +0 alchemy smock with text "Rat: The other white meat" named ok
  p - an uncursed greased burnt +0 cloak of protection (being worn)
  z - an uncursed +0 dwarvish mithril-coat (being worn)
 Comestibles  ('%')
  U - 2 uncursed tripe rations
 Scrolls  ('?')
  i - 3 uncursed scrolls of earth
  E - a blessed scroll of enchant weapon named ok
  k - a blessed scroll of scare monster
  t - an uncursed scroll of teleportation
 Rings    ('=')
  n - an uncursed ring of cold resistance named ok
  s - an uncursed +1 ring of increase accuracy (on right hand)
  D - an uncursed ring of stealth named ok
  u - an uncursed ring of teleport control named ok (on left hand)
 Wands    ('/')
  v - a wand of create monster (0:12)
  I - a wand of digging (0:5)
  r - a wand of polymorph (0:5)
  T - a wand of secret door detection (0:7)
  X - a wand of sleep (0:5)
  m - a wand of striking named empty (0:0)
  y - a wand of striking (0:0)
 Tools    ('(')
  o - an uncursed blindfold
  K - a can of grease (0:23)
  e - an uncursed lock pick
  W - an uncursed magic whistle
  A - an uncursed oil lamp
  S - an uncursed stethoscope
  a - an uncursed tallow candle
  F - an uncursed partly used tallow candle
 Gems/Stones  ('*')
  J - an uncursed turquoise stone
  P - an uncursed worthless piece of black glass
  Y - an uncursed worthless piece of green glass
  Q - an uncursed touchstone

Ch3Begorrah the Rogue's attributes:

Background:
 You were a Rogue, level 8 male human.
 You were chaotic, nominally on a mission for Kos
 who was opposed by Issek (lawful) and Mog (neutral).
 You were right-handed.
 You were in the Gnomish Mines, on level 5.
 You entered the dungeon 9967 turns ago.
 You had 2354 experience points, 206 more were needed to attain level 9.

Basics:
 You had 0 out of 60 hit points.
 You had all 22 energy points (spell power).
 Your armor class was -3.
 Your wallet was empty.
 Autopickup was on for '$!/(' plus thrown, with exceptions.

Final Characteristics:
 Your strength was 18 (limit:18/100).
 Your dexterity was 18 (limit:18).
 Your constitution was 17 (limit:18).
 Your intelligence was 11 (limit:18).
 Your wisdom was 9 (limit:18).
 Your charisma was 8 (limit:18).

Final Status:
 You weren't hungry.
 You were unencumbered.
 You were wielding a saber.
 You were unskilled in saber.

Final Attributes:
 You were piously aligned.
 You were telepathic.
 You would have confused monsters when hitting them.
 You were invisible.
 You were stealthy.
 You had teleport control.
 You had a small bonus to hit (+1).
 You were protected.
 You are dead.

Miscellaneous:
 You didn't encounter any bones levels.
 Total elapsed playing time was 1 hour, 57 minutes and 22 seconds.

Major events:
 Turn
    1: Ch3Begorrah the chaotic male human Rogue entered the dungeon
 1453: attained the rank of Cutpurse (level 3)
 1581: entered the Gnomish Mines
 3162: read a Discworld novel
 4200: attained the rank of Rogue (level 6)
 4851: entered Sokoban
 5627: entered the Bigroom
 9381: reached Mine Town
 9739: stole 3333 zorkmids worth of merchandise from Annootok's general store
 9967: killed by Mr. Annootok; the shopkeeper

You didn't know any spells.

Skills:
 Fighting Skills
   bare handed combat [Unskilled]
   two weapon combat  [Unskilled]
   riding             [Unskilled]
 Weapon Skills
   dagger             [Skilled]
   knife              [Unskilled]
   short sword        [Basic]
   broadsword         [Unskilled]
   long sword         [Unskilled]
   two-handed sword   [Unskilled]
   saber              [Unskilled]
   club               [Unskilled]
   mace               [Unskilled]
   morning star       [Unskilled]
   flail              [Unskilled]
   hammer             [Unskilled]
   polearms           [Unskilled]
   spear              [Unskilled]
   crossbow           [Unskilled]
   dart               [Unskilled]
   shuriken           [Unskilled]
 Spellcasting Skills
   divination spells  [Unskilled]
   escape spells      [Unskilled]
   matter spells      [Unskilled]

Voluntary challenges:
 Character rerolling was not enabled.
 You followed a strict vegan diet.
 You were an atheist.
 You never genocided any monsters.
 You never polymorphed an object.
 You never changed form.
 You used no wishes.
 You did not violate any of the special Sokoban rules.
Achievements:
 You entered a shop.
 You attained the rank of Cutpurse.
 You entered the Gnomish Mines.
 You read from a Discworld novel.
 You attained the rank of Rogue.
 You entered Sokoban.
 You entered a temple.
 You entered the Big Room.
 You entered Minetown.

 The Dungeons of Doom: levels 1 to 11
    Level 1:
       A fountain, some sinks.
    Level 2:
       A general store, a sink.
       Stairs down to The Gnomish Mines.
    Level 3:
       An altar, many fountains.
    Level 4:
       A potion shop.
    Level 5:
       A scroll shop.
    Level 6:
    Level 7:
       Many fountains.
       Oracle of Delphi.
    Level 8:
       A sink.
       Stairs up to Sokoban, level 7.
    Level 9:
       A temple and an altar, a sink.
    Level 10:
       An altar.
    Level 11:
       A very big room.
 The Gnomish Mines: levels 3 to 5
    Level 3:
    Level 4:
    Level 5: <- You were here.
       Many shops, a temple and an altar to Kos, some fountains.
       Final resting place for
          you, killed by Mr. Annootok; the shopkeeper.
 Sokoban:
    Level 7:
       Unsolved.


Vanquished creatures:
  a watch captain
  a small mimic
  a tiger
  4 watchmen
  a crocodile
  4 wolves
  a leprechaun
  2 orc-captains
 an iron piercer
  3 giant spiders
  a black light
  a gnome ruler
  2 orc mummies
  a dingo
  a jaguar
  a blue jelly
  a dust vortex
  2 apes
  a human zombie
  a fire ant
  2 wood nymphs
  a rock piercer
  a rock mole
  2 fog clouds
  2 yellow lights
  a shrieker
  a violet fungus
  6 gnome leaders
  3 gnomish wizards
  2 Kop Lieutenants
  a kobold mummy
  3 gray oozes
  2 paper golems
  6 giant ants
  a little dog
  3 floating eyes
  8 dwarves
  a kobold leader
  6 rothes
  2 centipedes
  3 giant bats
  3 Kop Sergeants
 an orc zombie
  a wererat
  4 iguanas
  3 coyotes
  3 gas spores
  2 hobbits
  4 manes
  2 large kobolds
  2 hobgoblins
 11 giant rats
  a red mold
 20 gnomes
  6 Keystone Kops
  3 gnome zombies
  9 geckos
  4 jackals
  a fox
  4 kobolds
  3 goblins
  a sewer rat
  7 grid bugs
  7 lichens
  a kobold zombie
  8 newts
199 creatures vanquished.

No species were genocided or became extinct.

Game over:
                       ----------
                      /          \
                     /    REST    \
                    /      IN      \
                   /     PEACE      \
                  /                  \
                  |   Ch3Begorrah    |
                  |       0 Au       |
                  |  killed by Mr.   |
                  |  Annootok; the   |
                  |    shopkeeper    |
                  |                  |
                  |       2026       |
                 *|     *  *  *      | *
        _________)/\\_//(\/(/\)/\//\/|_)_______

Goodbye Ch3Begorrah the Rogue...

You died in The Gnomish Mines on dungeon level 5 with 10036 points,
and 0 pieces of gold, after 9967 moves.
You were level 8 with a maximum of 60 hit points when you died.

